 Dungeon Crawl Stone Soup version 0.27.1-33-g824d729ab1 (webtiles) character file.

Game seed: 11061519961639344987

48 belegose the Skirmisher (level 4, -7/35 HPs)
             Began as a Djinni Abyssal Knight on Dec 4, 2021.
             Was a Follower of Lugonu.
             Mangled by a gnoll (14 damage)
             ... on level 1 of the Dungeon.
             The game lasted 00:04:24 (1529 turns).

belegose the Skirmisher (Djinni Abyssal Knight)     Turns: 1529, Time: 00:04:26

Health: -7/35      AC:  6    Str: 12    XL:     4   Next: 0%
Gold:   68         EV: 25    Int: 13    God:    Lugonu [*.....] SH:  0 Dex: 13

rFire    + + .     SeeInvis .   a - +1 falchion
rCold    x . .     Faith    .   (no shield)
rNeg     . . .     Spirit   .   i - +0 ring mail
rPois    ∞         Reflect  .   (no helmet)
rElec    .         Harm     .   (no cloak)
rCorr    .         Rampage  .   f - +0 pair of gloves
Will     .....                  (boots unavailable)
Stlth    +.........             h - amulet of the acrobat
HPRegen  0.11/turn              (no ring)
MPRegen  0.00/turn              (no ring)

@: acrobatic, flying
A: sickness immunity, fire resistance 2, cold vulnerability 1, float, innate
caster, hp casting, extra vitality 1
a: Renounce Religion, Depart the Abyss


You were on level 1 of the Dungeon.
You worshipped Lugonu.
Lugonu was aware of your devotion.
You visited 1 branch of the dungeon, and saw 2 of its levels.
You visited the Abyss 1 time.

You collected 68 gold pieces.

Inventory:

Hand Weapons
 a - a +1 falchion (weapon)
Missiles
 e - 9 sling bullets
 g - 19 stones
Armour
 b - a +0 leather armour
 f - a +0 pair of gloves (worn)
 i - a +0 ring mail (worn)
Jewellery
 h - an amulet of the acrobat (around neck)
Scrolls
 c - a scroll of enchant weapon {unknown}
 d - a scroll of noise {unknown}
 j - 2 scrolls of identify {unknown}
Potions
 k - 2 potions of mutation {unknown}


   Skills:
 + Level 3.3 Fighting
 + Level 2.2 Long Blades
 + Level 1.5 Armour
 - Level 2.1 Dodging
 + Level 0.9 Spellcasting
 + Level 2.3 Invocations


You had 3 spell levels left.
You knew the following spells:

 Your Spells              Type           Power      Damage    Failure   Level
a - Animate Skeleton      Necr           4%         N/A       41%         1
Your spell library was empty.

Dungeon Overview and Level Annotations

Branches:
Dungeon (2/15)

Altars:

Shops:
D:1 *(=


Innate Abilities, Weirdness & Mutations

You are immune to sickness and miasma.
You are immune to poison.
Your flesh is very heat resistant. (rF++)
You are vulnerable to cold. (rC-)
You float through the air rather than walking.
You learn spells naturally, not from books.
Your magical power is your life essence.
You have superior vitality. (+4 HP)


Message History

What are your orders? t - Shout!
Orders for allies: a - Attack new target. r - Retreat! s - Stop attacking. g - Guard the area. f - Follow me.
Anything else - Cancel.
You shout for attention!
What are your orders? t - Shout!
Orders for allies: a - Attack new target. r - Retreat! s - Stop attacking. g - Guard the area. f - Follow me.
Anything else - Cancel.
You shout for attention!
What are your orders? t - Shout!
Orders for allies: a - Attack new target. r - Retreat! s - Stop attacking. g - Guard the area. f - Follow me.
Anything else - Cancel.
You shout for attention!
Unknown command.
The gnoll completely misses you.
You riposte.
Your ring mail prevents you from hitting the gnoll.
There is a stone staircase leading up here.
The gnoll hits you with a +0 halberd.
You fly upwards.
There is a stone staircase leading down here.
You hit the gnoll but do no damage. The gnoll misses you.
The gnoll hits you with a +0 halberd.
You barely miss the gnoll. The gnoll barely misses you.
You barely miss the gnoll. The gnoll hits you with a +0 halberd!
You barely miss the gnoll. The gnoll hits you with a +0 halberd.
You completely miss the gnoll. The gnoll hits you with a +0 halberd.
You hit the gnoll but do no damage. The gnoll barely misses you.
The gnoll hits you with a +0 halberd.
* * * LOW HITPOINT WARNING * * *
The gnoll completely misses you.
The gnoll hits you from afar with a +0 halberd!
You die...

######### ........#
#######.#########################
# #.....##>.@................ #
##....##g###############... #
#..[.##.# #... # #....##.# #... #
#.......# #... # #....#..# #... #
##)#.#..###### #### #
#.#.∩..#....# #
######.###..#.##.#


You could see a gnoll.

Vanquished Creatures
  2 gnolls (D:1)
  2 dart slugs (D:1)
  2 ball pythons (D:1)
  3 bats (D:1)
  2 endoplasms (D:1)
  A giant cockroach (D:1)
  3 goblins
  A hobgoblin (D:1)
  A quokka (D:1)
  2 frilled lizards
  4 kobolds (D:1)
  2 rats (D:1)
25 creatures vanquished.

Notes
Turn   | Place    | Note
-------+----------+-------------------------------------------
     0 | Abyss:1  | belegose the Djinni Abyssal Knight began the quest for the
                  | Orb.
     0 | Abyss:1  | Reached XP level 1. HP: 20/20 MP: 0/0
    55 | Abyss:1  | Noticed a bone dragon
    55 | Abyss:1  | Noticed a tentacled starspawn
    56 | D:1      | Escaped the Abyss
    73 | D:1      | Noticed an iguana
    73 | D:1      | Noticed a black mamba
    74 | D:1      | Noticed a killer bee
    74 | D:1      | Noticed a polar bear
   181 | D:1      | Found Lyits's Assorted Antiques.
   234 | D:1      | Reached * piety under Lugonu
   274 | D:1      | Reached XP level 2. HP: 25/25 MP: 0/0
   356 | D:1      | Found a faded altar of an unknown god.
   535 | D:1      | Reached XP level 3. HP: 21/30 MP: 0/0
   535 | D:1      | Learned a level 1 spell: Animate Skeleton
   935 | D:1      | Found Qebytrac's Jewellery Shoppe.
   936 | D:1      | Found Warin's Weapon Emporium.
  1489 | D:1      | Reached XP level 4. HP: 33/35 MP: 0/0
  1529 | D:1      | Mangled by a gnoll

Illustrated notes

Levels and vault maps discovered:
D:1:      onia_arrival_zoo_common, layout_basic, serial_shops,
          nicolae_shop_temple_entry_statues_fountains, shop, shop,
          ebering_ecumenical_altar_abandoned, hex_large, minmay_pentomino_s2
D:2:      cheibrodos_pilgrimage, layout_loops_ring, uniq_terence

Skill      XL: |  1  2 |
---------------+-------+-----
Invocations    | 2 |  2.3
Long Blades    | 2 |  2.2
Fighting       | |  3.3
Armour         | |  1.5
Dodging        | |  2.1
Spellcasting   | |  0.9

Action                   |  1- 3 |  4- 6 || total
-------------------------+-------+-------++-------
Melee: Falchion          |    79 |     6 ||    85
Invok: Depart the Abyss  |     1 |       ||     1
Armor: Leather armour    |     1 |       ||     1
       Ring mail         |    29 |       ||    29
Dodge: Dodged            |    48 |     5 ||    53
       Rpst.: Falchion   |    12 |     1 ||    13
